 Dungeon Crawl Stone Soup version 0.29-a0-275-g389c0b56f3 (webtiles) character file.

Game seed: 840142559829320252

350 siradein the Ducker (level 6, 0/47 HPs)
             Began as a Merfolk Arcane Marksman on Mar 11, 2022.
             Slain by a gnoll
             ... wielding a +2 halberd of venom
              (6 damage)
             ... on level 4 of the Dungeon.
             The game lasted 00:13:16 (4755 turns).

siradein the Ducker (Merfolk Arcane Marksman)       Turns: 4755, Time: 00:13:16

Health: 0/47       AC: 12    Str: 11    XL:     6   Next: 60%
Magic:  10/10      EV: 13    Int: 14    God:
Gold:   301        SH:  0    Dex: 14    Spells: 3/10 levels left

rFire   . . .      SeeInvis .   q - +2 dagger (venom)
rCold   . . .      Faith    .   (no shield)
rNeg    . . .      Spirit   .   o - +0 leather armour
rPois   .          Reflect  .   r - +0 helmet
rElec   .          Harm     .   (no cloak)
rCorr   .          Rampage  .   (no gloves)
Will    .....                   (no boots)
Stlth   +.........              (no amulet)
HPRegen 0.15/turn               l - ring of the Tortoise {AC+8}
MPRegen 0.12/turn               (no ring)

@: lethally poisoned (0 -> -15)
A: (nimble swimmer 2), mertail
a: no special abilities


You were on level 4 of the Dungeon.
You visited 1 branch of the dungeon, and saw 4 of its levels.

You collected 301 gold pieces.

Inventory:

Hand Weapons
 a - a +0 hand crossbow
 q - a +2 dagger of venom (weapon)
Armour
 o - a +0 leather armour (worn)
 r - a +0 helmet (worn)
Jewellery
 l - the ring of the Tortoise (left hand) {AC+8}
   (You found it on level 2 of the Dungeon)

   [ring of protection]

   AC:        It affects your AC (+8).
Scrolls
 c - 2 scrolls of vulnerability
 e - a scroll of amnesia {unknown}
 f - a scroll of magic mapping {unknown}
 g - a scroll of enchant armour {unknown}
 i - a scroll of teleportation
 m - a scroll of enchant weapon {unknown}
 p - a scroll of fear {unknown}
 t - a scroll of fog {unknown}
Potions
 b - a potion of magic {unknown}
 d - a potion of mutation {unknown}
 h - a potion of berserk rage {unknown}
 j - 3 potions of haste
 n - a potion of lignification {unknown}
 s - a potion of curing {unknown}


   Skills:
 + Level 3.1 Fighting
 + Level 2.7 Crossbows
 + Level 4.6 Dodging
 + Level 2.7 Spellcasting
 + Level 4.2 Hexes


You had 3 spell levels left.
You knew the following spells:

 Your Spells              Type           Power      Damage    Failure   Level
a - Slow                  Hex            52%        N/A       5%          1
b - Inner Flame           Hex/Fire       7%         N/A       36%         3
c - Portal Projectile     Hex/Tloc       14%        N/A       36%         3

Your spell library contained the following spells:

 Spells                   Type           Power      Damage    Failure   Level
 Animate Skeleton         Necr           2%         N/A       28%         1
 Pain                     Necr           4%         1d4       28%         1
 Static Discharge         Conj/Air       1%         N/A       41%         2
 Vampiric Draining        Necr           1%         2d6       65%         3
 Cause Fear               Hex            6%         N/A       45%         4
 Lightning Bolt           Conj/Air       0%         1d11      100%        5
 Maxwell's Capacitive Co  Air            0%         ∞         100%        8


Dungeon Overview and Level Annotations

Branches:
Dungeon (4/15)
 Temple: D:4-7

Altars:
Elyvilon
Gozag
Trog
The Shining One

Shops:
D:4 [


Innate Abilities, Weirdness & Mutations

((You are very nimble when in or above water. (Stealth+, EV+, Speed+++)))
Your lower body shifts to a powerful aquatic tail in water.


Message History

The iguana hisses menacingly.
The gnoll shouts!
The gnoll closely misses you.
The iguana bites you but does no damage.
Really attack while wielding your +0 hand crossbow? [Y]es or [N]o only, please.
Really attack while wielding your +0 hand crossbow?
Okay, then.
The gnoll barely misses you.
Your +2 dagger of venom begins to drip with poison!
q - a +2 dagger of venom (weapon)
You barely miss the gnoll. The iguana misses you. The gnoll barely misses you.
You hit the gnoll.
The gnoll is heavily wounded.
The iguana misses you. The gnoll completely misses you.
You hit the gnoll but do no damage.
The gnoll is heavily wounded.
The iguana barely misses you. The gnoll hits you but does no damage.
You are poisoned.
You hit the gnoll but do no damage.
The gnoll is poisoned.
The gnoll is heavily wounded.
You feel sick. The iguana closely misses you. The gnoll completely misses you.
You closely miss the gnoll.
The gnoll is heavily wounded.
You feel sick.
The iguana bites you but does no damage.
The gnoll hits you with a +2 halberd of venom!
You are lethally poisoned!
You barely miss the gnoll.
The gnoll is heavily wounded.
* * * LOW HITPOINT WARNING * * *
You feel very sick. The iguana barely misses you. The gnoll misses you.
You hit the gnoll.
The gnoll is severely wounded.
* * * LOW HITPOINT WARNING * * *
You feel very sick. The iguana closely misses you.
The gnoll hits you with a +2 halberd of venom.
You die...

h...###.# ####.....##.##
#..###..# #####...###.##
##.###'## #. .# ##.............
##††)..#####.##.###...<..........
.#.♣♣♣.#...............>..####.##
.#.....#.#.. ...###..###### #.#
.'.._..'.#.# #.#.##..# #.#
.#.....###.# #.##g...###### #.#
.#.♣♣♣.###.###.#@###......## #.#
.#.....#.......l## #..PP...# #.#
.#'###'#.#.#.#### ##.._...# #/#
...# #.).#.#.# #.|.P..# .###
#####.#J# #......# ..# ##....#
#.###..# #.######.#.#.######
#...J.##
....................#÷##8##
#.######..##.######.#.#(..#


You could see an iguana and a gnoll (very poisoned).

Vanquished Creatures
  A phantom (D:4)
  A howler monkey (D:4)
  An orc priest (D:4)
  2 orc wizards (D:4)
  Robin (D:3)
  3 gnolls
  A worm (D:3)
  3 dart slugs (D:1)
  4 orcs (D:4)
  2 bats
  6 endoplasms
  3 giant cockroaches
  23 goblins
  12 hobgoblins
  13 jackals
  2 quokkas (D:3)
  5 ball pythons
  A frilled lizard (D:1)
  8 kobolds
  4 rats
96 creatures vanquished.

Notes
Turn   | Place    | Note
-------+----------+-------------------------------------------
     0 | D:1      | siradein the Merfolk Arcane Marksman began the quest for
                  | the Orb.
     0 | D:1      | Reached XP level 1. HP: 15/15 MP: 2/2
    95 | D:1      | Reached XP level 2. HP: 21/21 MP: 3/3
   122 | D:1      | Found a faded altar of an unknown god.
   491 | D:1      | Reached XP level 3. HP: 26/26 MP: 5/5
   495 | D:1      | Learned a level 3 spell: Inner Flame
  1265 | D:2      | Found the ring of the Tortoise {AC+8}
  1947 | D:3      | Reached XP level 4. HP: 33/33 MP: 6/6
  1961 | D:3      | Noticed Robin
  1969 | D:3      | Killed Robin
  2051 | D:3      | Found a glowing golden altar of the Shining One.
  2769 | D:4      | Reached XP level 5. HP: 39/39 MP: 6/8
  3364 | D:4      | Noticed a black bear
  3474 | D:2      | Learned a level 3 spell: Portal Projectile
  3565 | D:4      | Noticed a black bear
  3711 | D:4      | Found Wacwin's Antique Armour Shoppe.
  3734 | D:4      | Found a bloodstained altar of Trog.
  3854 | D:4      | Noticed a phantom
  3903 | D:4      | Killed a phantom
  3904 | D:4      | Reached XP level 6. HP: 26/47 MP: 9/9
  3914 | D:4      | Identified the ring "Hajufruc" {Int+6 Dex+3}
  4142 | D:4      | Found a white marble altar of Elyvilon.
  4258 | D:4      | Found an opulent altar of Gozag.
  4755 | D:4      | Slain by a gnoll

Illustrated notes

Levels and vault maps discovered:
D:1:      dpeg_arrival_round_a, layout_rooms,
          hellmonk_ecumenical_altar_crossroads, chequers_serial_rivers_micro_a
D:2:      layout_basic, nicolae_concentric_dashed_squares_wild
D:3:      cheibrodos_greedy_goblins, layout_rooms,
          mainiacjoe_overflow_concentric_impassable, uniq_robin
D:4:      layout_loops_ring, trog_ov_bears_minmay, lemuel_doored_altar,
          mainiacjoe_overflow_six_doors_small, serial_shops,
          nicolae_stop_n_shop_2

Skill      XL: |  1  2  3  4  5 |
---------------+----------------+-----
Dodging        | 3 4 |  4.6
Crossbows      | 2 |  2.7
Fighting       | 2 3 |  3.1
Spellcasting   | 2 |  2.7
Hexes          | 4 |  4.2

Action                   |  1- 3 |  4- 6 || total
-------------------------+-------+-------++-------
Melee: Dagger            |       |     7 ||     7
 Fire: Hand crossbow     |   133 |   256 ||   389
 Cast: Slow              |     3 |    13 ||    16
       Inner Flame       |       |     2 ||     2
  Use: Scroll            |       |     4 ||     4
Armor: Robe              |     7 |       ||     7
       Leather armour    |     3 |   158 ||   161
Dodge: Dodged            |    39 |   228 ||   267

Table legend: (Time is in decaauts)
 A = Elapsed time spent in this place.
 B = Non-inter-level travel time spent in this place.
 C = Inter-level travel time spent in this place.
 D = Time resting spent in this place.
 E = Time spent auto-exploring this place.
 F = Levels seen in this place.
 G = Mean time per level.
                   A        B        C        D        E       F      G
               +--------+--------+--------+--------+--------+-----+--------+
         Total |   4926 |   4757 |    169 |   1059 |   2455 |   4 | 1231.5 |
       Dungeon |   4926 |   4757 |    169 |   1059 |   2455 |   4 | 1231.5 |
               +--------+--------+--------+--------+--------+-----+--------+

Top non-repeatable levels by time:
     D:3: 1517 daAuts
     D:4: 1301 daAuts
     D:2: 1195 daAuts
     D:1: 911 daAuts
